 Dungeon Crawl Stone Soup version 0.23-a0-109-g5e4b187 (webtiles) character file.

1922 emperorscorpion the Cleaver (level 9, -3/54 HPs)
             Began as a Gargoyle Fighter on Aug 22, 2018.
             Was a Follower of Elyvilon.
             Killed from afar by Kidiri's ghost (14 damage)
             ... with a flame tongue
             ... on level 6 of the Dungeon.
             The game lasted 00:08:51 (6096 turns).

emperorscorpion the Cleaver (Gargoyle Fighter)      Turns: 6096, Time: 00:08:52

Health: -3/54      AC: 18    Str: 23    XL:     9   Next: 17%
Magic:  18/18      EV:  7    Int:  9    God:    Elyvilon [*.....]
Gold:   321        SH: 11    Dex:  9    Spells: 8/8 levels left

rFire    . . .     SeeInvis .   a - +0 war axe
rCold    . . .     Gourm    .   c - +1 shield
rNeg     + . .     Faith    .   l - +0 chain mail
rPois    ∞         Spirit   .   (no helmet)
rElec    +         Reflect  .   (no cloak)
rCorr    +         Harm     .   w - +1 pair of gloves
MR       .....                  (no boots)
Stlth    ..........             (no amulet)
HPRegen  0.18/turn              o - ring of resist corrosion
MPRegen  0.16/turn              B - ring of magical power

@: liquid flames, glowing
A: negative energy resistance 1, electricity resistance, unbreathing,
petrification resistance, rot immunity, AC +6
a: Lesser Healing, Divine Protection, Renounce Religion


You were on level 6 of the Dungeon.
You worshipped Elyvilon.
Elyvilon was aware of your devotion.
You were not hungry.

You visited 2 branches of the dungeon, and saw 7 of its levels.

You collected 321 gold pieces.

Inventory:

Hand Weapons
 a - a +0 war axe (weapon)
 e - a +0 whip
 k - a cursed +0 hand axe
 m - a +1 whip of freezing
 u - a +0 flail
Missiles
 p - 30 poisoned needles
 t - 2 needles of paralysis
 D - 5 tomahawks (quivered)
Armour
 b - a +0 scale mail
 c - a +1 shield (worn)
 l - a +0 chain mail (worn)
 w - a +1 pair of gloves (worn)
 y - the +1 ring mail of the Snake Pit {rElec rCorr MP+9}
   (You found it on level 4 of the Dungeon)

   It insulates you from electricity.
   It affects your magic capacity (+9).
   It provides partial protection from all sources of acid and corrosion.
Jewellery
 o - a ring of resist corrosion (left hand)
 r - an uncursed ring of wizardry
 B - a ring of magical power (right hand)
 G - an uncursed ring of protection from cold {unknown}
Wands
 C - a wand of flame (21)
Scrolls
 h - 4 scrolls of identify
 i - 2 scrolls of magic mapping
 j - 3 scrolls of remove curse
 s - a scroll of teleportation {unknown}
Potions
 d - 2 potions of might
 g - a potion of resistance
 n - 2 potions of degeneration
 v - a potion of berserk rage
 x - a potion of cancellation
 z - 4 potions of curing
 A - a potion of mutation {unknown}
 E - a potion of haste {unknown}
Comestibles
 f - 14 rations
 F - 2 chunks of flesh


   Skills:
 + Level 5.1 Fighting
 + Level 8.0 Axes
 + Level 5.6 Armour
 + Level 1.7 Dodging
 + Level 0.5 Stealth
 + Level 6.3 Shields


You had 8 spell levels left.
You didn't know any spells.
Your spell library was empty.

Dungeon Overview and Level Annotations

Branches:
Dungeon (6/15)             Temple (1/1) D:5

Altars:
Ashenzari
Cheibriados
Elyvilon
Fedhas
Gozag
Hepliaklqana
Kikubaaqudgha
Makhleb
Nemelex Xobeh
Okawaru
Qazlal
Ru
Sif Muna
Uskayaw
Vehumet
Wu Jian
Xom
Yredelemnul
The Shining One

Annotations:
D:6 Kidiri's ghost, novice DEFE


Innate Abilities, Weirdness & Mutations

You are resistant to torment.
Your stone body is resilient. (AC +6)
You are immune to poison.
You resist negative energy. (rN+)
You are resistant to electric shocks. (rElec)
You can survive without breathing.
You are immune to petrification.
You are immune to rotting.


Message History

Kidiri's ghost hits you.
You hit Kidiri's ghost but do no damage.
Kidiri's ghost is almost destroyed.
Kidiri's ghost sprays you with burning goo.
The sticky flame hits you!
You are covered in liquid flames!
You closely miss Kidiri's ghost.
Kidiri's ghost is almost destroyed.
You are covered in liquid flames!
* * * LOW HITPOINT WARNING * * *
Kidiri's ghost sprays you with burning goo.
The sticky flame hits you!
You are covered in liquid flames!
Your chain mail prevents you from hitting Kidiri's ghost.
Kidiri's ghost is almost destroyed.
You are covered in liquid flames!
* * * LOW HITPOINT WARNING * * *
Kidiri's ghost gestures at you while chanting.
The flame tongue hits you!
You die...

#.......#...#........#....+....
#.......#...'...######....#####
#...##..##..#####..............
####..##..##..#..................
..##..##..###'#..................
..###'##..#......................
...'......#........#####.........
####......#......#######.........
...##'#####.....@#.....#.........
.................W≈≈≈≈[#....#'###
...........##+#..#....%#....#....
...........#..#..#######....#....
...........'..'....# #....#....
...#'##....#..#....# #....#....
...#..###+##..#....# #....'....
...#......'...#....# #....#....
...#......#...#....# #....#>...


You could see Kidiri's ghost.

Vanquished Creatures
  An orc warrior (D:5)
  A sky beast (D:5)
  4 ogres
  A phantom (D:6)
  6 bullfrogs (D:6)
  A gnoll sergeant (D:4)
  2 howler monkeys
  2 crimson imps
  A jelly (D:5)
  2 centaur zombies
  2 orc priests
  A centaur skeleton (D:5)
  6 orc wizards
  Terence (D:2)
  An iguana (D:4)
  2 worker ants
  A hound skeleton (D:5)
  Robin (D:4)
  3 gnolls
  6 adders
  2 adder skeletons (D:6)
  3 worms
  5 dart slugs
  2 leopard geckos
  24 orcs
  9 bats
  4 giant cockroaches
  15 goblins
  10 hobgoblins
  12 jackals
  4 quokkas
  2 ball pythons
  2 frilled lizards
  6 kobolds
  A leopard gecko skeleton (D:6)
  A quokka skeleton (D:5)
  A quokka zombie (D:5)
  6 rats
154 creatures vanquished.

Notes
Turn   | Place    | Note
-------+----------+-------------------------------------------
     0 | D:1      | emperorscorpion the Gargoyle Fighter began the quest for the Orb.
     0 | D:1      | Reached XP level 1. HP: 14/14 MP: 1/1
   151 | D:1      | Reached XP level 2. HP: 19/19 MP: 2/2
   202 | D:1      | Reached skill level 2 in Axes
   380 | D:1      | Reached XP level 3. HP: 19/23 MP: 3/3
   926 | D:2      | Found a sacrificial altar of Ru.
   979 | D:2      | Noticed Terence
   990 | D:2      | Killed Terence
   990 | D:2      | Reached skill level 3 in Axes
   990 | D:2      | Reached XP level 4. HP: 28/28 MP: 4/4
  1517 | D:3      | Reached XP level 5. HP: 27/33 MP: 5/5
  1575 | D:3      | Noticed a hand axe
  1577 | D:3      | Noticed a hand axe
  1582 | D:3      | Found a hide-covered altar of Uskayaw.
  1669 | D:3      | Found an iron altar of Okawaru.
  1669 | D:3      | Found a basalt altar of Yredelemnul.
  1669 | D:3      | Found a hazy altar of Hepliaklqana.
  2192 | D:3      | Found a stormy altar of Qazlal.
  2428 | D:4      | Got a faintly glowing ring mail
  2435 | D:4      | Reached skill level 4 in Axes
  2814 | D:4      | Reached XP level 6. HP: 19/38 MP: 6/6
  3084 | D:4      | Noticed Robin
  3096 | D:4      | Killed Robin
  3433 | D:4      | Identified the +1 ring mail of the Snake Pit {rElec rCorr MP+9} (You found it on level 4 of the Dungeon)
  3463 | D:5      | Entered Level 5 of the Dungeon
  3596 | D:5      | Reached skill level 1 in Dodging
  3596 | D:5      | Reached XP level 7. HP: 41/43 MP: 7/7
  3605 | D:5      | Reached skill level 5 in Axes
  3637 | D:5      | Reached skill level 5 in Shields
  3735 | D:6      | Found a runed door.
  3946 | D:5      | Found a staircase to the Ecumenical Temple.
  3998 | Temple   | Entered the Ecumenical Temple
  4294 | Temple   | Became a worshipper of Elyvilon the Healer
  4544 | D:5      | Reached skill level 5 in Armour
  4544 | D:5      | Reached XP level 8. HP: 21/48 MP: 8/8
  4579 | D:5      | Reached skill level 6 in Axes
  4760 | D:5      | Elyvilon protects you from harm!
  5240 | D:6      | Found a sparkling altar of Nemelex Xobeh.
  5316 | D:6      | Reached skill level 7 in Axes
  5408 | D:6      | Reached skill level 5 in Fighting
  5466 | D:6      | Noticed Kidiri's ghost (novice DEFE)
  5529 | D:6      | Reached XP level 9. HP: 50/54 MP: 9/9
  5556 | D:6      | Reached * piety under Elyvilon
  5989 | D:6      | Reached skill level 8 in Axes
  6096 | D:6      | Killed from afar by Kidiri's ghost

Vault maps used:
D:1:      dpeg_arrival_prison, minmay_hexomino_c4
D:2:      lemuel_round_altar, uniq_terence
D:3:      marbit_many_paths, gammafunk_temple_overflow_claw,
          dancing_weapons_uskayaw
D:4:      first_ration, uniq_robin
D:5:      minmay_temple_entry_hall
D:6:      overflow_temple_1_default, ebering_ghost_reflecting_pool
Temple:   hc_temple_tempest_star

Skill      XL: |  1  2  3  4  5  6  7  8  9 |
---------------+----------------------------+-----
Axes           | 2 3 4 5 7 8 |  8.0
Shields        | 4 5 6 |  6.3
Armour         | 4 5 |  5.6
Fighting       | 4 5 |  5.1
Dodging        | 1 |  1.7
Stealth        | |  0.5

Action                   |  1- 3 |  4- 6 |  7- 9 || total
-------------------------+-------+-------+-------++-------
Melee: War axe           |    97 |   330 |   307 ||   734
  Use: Scroll            |       |    13 |       ||    13
       Potion            |       |       |     2 ||     2
  Eat: Chunk             |       |    10 |     8 ||    18
Armor: Scale mail        |    41 |       |       ||    41
       Chain mail        |    24 |   202 |   159 ||   385
Dodge: Dodged            |    39 |    86 |    54 ||   179
Block: Shield            |    58 |   204 |   139 ||   401

Table legend:
 A = Non-vault XP
 B = Vault XP
 C = Vault XP percentage of total XP
 D = Non-vault monster count
 E = Vault monster count
 F = Vault count percentage of total count
                 A         B        C        D         E       F
            +---------+---------+-------+---------+---------+-------
      Total |    2662 |      85 |   3.1 |     135 |      19 |  12.3
            +---------+---------+-------+---------+---------+-------
        D:1 |      49 |      16 |  24.6 |      18 |       8 |  30.8
        D:2 |      51 |      36 |  41.4 |      13 |       1 |   7.1
        D:3 |      72 |       3 |   4.0 |      29 |       1 |   3.3
        D:4 |     308 |      30 |   8.9 |      17 |       9 |  34.6
        D:5 |    1005 |       0 |   0.0 |      35 |       0 |   0.0
        D:6 |    1177 |       0 |   0.0 |      23 |       0 |   0.0
            +---------+---------+-------+---------+---------+-------
